[Event "FIDE Women World Blitz 2021"]
[Site "Warsaw"]
[Date "2021.12.30"]
[Round "16.19"]
[White "Balajayeva, Khanim"]
[Black "Muzychuk, Mariya"]
[Result "0-1"]
[ECO "B22"]
[WhiteElo "2369"]
[BlackElo "2536"]
[Annotator "ChessBase"]
[PlyCount "100"]
[EventDate "2021.12.29"]
[EventType "swiss"]
[EventCountry "POL"]
[Tiebreak "Cut1 Buchholz"]
[SourceTitle "playchess.com"]
[Source "ChessBase"]
[SourceQuality "1"]
[TimeControl "180+2"]

1. e4 c5 2. c3 Nf6 3. e5 Nd5 4. Nf3 Nc6 5. d4 cxd4 6. Bc4 Nb6 7. Bb3 d5 8. exd6 Qxd6 9. O-O Be6 10. Na3 dxc3 11. Qe2 Bxb3 12. Nb5 Qb8 13. axb3 g6 14. Be3 Nc8 15. Ra4 Bg7 16. Bf4 e5 17. Nxe5 Nxe5 18. Bxe5 Bxe5 19. Re4 O-O 20. Rxe5 cxb2 21. Re3 Nd6 22. Nd4 Qd8 23. Qxb2 Qf6 24. Qa1 Rfd8 25. Rf3 Qg7 26. Qa4 a6 27. Ne2 Rac8 28. h3 Nf5 29. Qb4 Rd7 30. Ng3 Nd4 31. Rf4 Rcd8 32. Kh2 h5 33. Rc1 Qh6 34. Rxd4 Rxd4 35. Rc4 Rxc4 36. bxc4 Qf4 37. Qe7 Rf8 38. Kg1 Qxc4 39. Ne4 Qc1+ 40. Kh2 Qf4+ 41. g3 Qf3 42. Kg1 Kg7 43. Qe5+ f6 44. Qe6 Qf5 45. Qc4 Rd8 46.
Qb4 Qd7 47. Nc5 Qe7 48. Qb6 Rd1+ 49. Kg2 Re1 50. Qb4 Re5 0-1

[Event "FIDE Women World Blitz 2021"]
[Site "Warsaw"]
[Date "2021.12.30"]
[Round "16.20"]
[White "Semenova, Elena"]
[Black "Muetsch, Annmarie"]
[Result "0-1"]
[ECO "B07"]
[WhiteElo "2233"]
[BlackElo "2279"]
[Annotator "NA"]
[PlyCount "115"]
[EventDate "2021.12.29"]
[EventType "swiss"]
[EventCountry "POL"]
[Tiebreak "Cut1 Buchholz"]
[SourceTitle "playchess.com"]
[Source "ChessBase"]
[SourceQuality "1"]
[TimeControl "180+2"]

1. e4 d6 2. d4 Nf6 3. Nc3 Nbd7 4. f4 e5 5. dxe5 dxe5 6. fxe5 Nxe5 7. Qxd8+ Kxd8 8. Nf3 Bd6 9. Bc4 Ke7 10. Bg5 c6 11. O-O-O Nxc4 12. e5 Bxe5 13. Rhe1 Ke6 14. Nd4+ Ke7 15. Nf3 Be6 16. Nxe5 Nxe5 17. Rxe5 Rhd8 18. Rf1 h6 19. Bxf6+ gxf6 20. Rh5 Rg8 21. g3 Rg6 22. Rf4 Bg4 23. Rh4 h5 24. h3 Be6 25. Ne2 Rg5 26. Rf3 Bd5 27. Re3+ Kd6 28. Nf4 Rag8 29. Nxh5 R8g6 30. c4 Be6 31. b4 Rh6 32. Rd4+ Ke7 33. g4 Re5 34. Rde4 Kd6 35. Kd2 Rxe4 36. Rxe4 f5 37. gxf5 Bxf5 38. c5+ Kd5 39. Rh4 Ke5 40. Ke3 Bg6 41. Rd4 Rxh5 42. Rd7 Rxh3+ 43. Kd2 Rh2+ 44. Kc3 Rxa2 45. Rxb7 f6 46. Rc7 Be4 47. Re7+ Kf4 48. Kd4 Rd2+ 49. Kc3 Rd3+ 50. Kc4 Ra3 51. Rf7 f5 52. Kd4 Rd3+ 53. Kc4 Bd5+ 54. Kxd3 Bxf7 55. Kd4 a6 56. Kd3 Bd5 57. Kd4 Kg3 58. Ke5 0-1

[Event "FIDE Women World Blitz 2021"]
[Site "Warsaw"]
[Date "2021.12.30"]
[Round "16.21"]
[White "Fernandez, Maria Florencia"]
[Black "Danielian, Elina"]
[Result "0-1"]
[ECO "A60"]
[WhiteElo "2184"]
[BlackElo "2450"]
[Annotator "ChessBase"]
[PlyCount "132"]
[EventDate "2021.12.29"]
[EventType "swiss"]
[EventCountry "POL"]
[Tiebreak "Cut1 Buchholz"]
[SourceTitle "playchess.com"]
[Source "ChessBase"]
[SourceQuality "1"]
[TimeControl "180+2"]

1. d4 Nf6 2. c4 e6 3. Nf3 c5 4. d5 exd5 5. cxd5 Bd6 6. Nc3 Bc7 7. e4 d6 8. Bd3 O-O 9. O-O a6 10. a4 Nbd7 11. h3 Re8 12. Nd2 Rb8 13. f4 Nf8 14. Qf3 h5 15. Re1 Ng6 16. Nf1 Bd7 17.
Ng3 h4 18. Nh5 b5 19. axb5 axb5 20. Nxf6+ Qxf6 21. e5 dxe5 22. Ne4 Qb6 23. f5 Nf4 24.
Bxf4 exf4 25. Kh1 Bxf5 26. Ng5 Qg6 27. Bxf5 Qxf5 28. Ne4 Be5 29. Rad1 Rbd8 30. Nxc5 Bxb2 31. Rxe8+ Rxe8 32. Ne4 Qxe4 33. Qb3 Bf6 34. Qxb5 f3 35. Qf1 fxg2+ 36. Qxg2 Qxg2+ 37.
Kxg2 Be5 38. Kf3 f5 39. Re1 Kf7 40. Rb1 Bd6 41. Rb6 Rd8 42.
Ra6 Kf6 43. Ra4 g5 44. Ra7 Ke5 45. Rg7 Kxd5 46. Rxg5 Ke6 47. Rh5 Bg3 48. Rh6+ Ke5 49. Ra6 Rd3+ 50. Ke2 Rb3 51. Ra4 Rb2+ 52. Kf3 Rf2+ 53. Ke3 f4+ 54. Kd3 f3 55. Ra5+ Kf6 56. Ke4 Kg6 57. Ra6+ Kg7 58. Ra7+ Kf6 59. Ra6+ Ke7 60. Ra7+ Ke6 61. Ra6+ Bd6 62. Ra8 Rf1 63. Re8+ Kd7 64. Rg8 f2 65. Ke3 Bc5+ 66. Kf3 Rg1 0-1

[Event "FIDE Women World Blitz 2021"]
[Site "Warsaw"]
[Date "2021.12.30"]
[Round "16.22"]
[White "Majdan, Joanna"]
[Black "Dworakowska, Joanna"]
[Result "1-0"]
[ECO "B26"]
[WhiteElo "2325"]
[BlackElo "2228"]
[Annotator "NA"]
[PlyCount "87"]
[EventDate "2021.12.29"]
[EventType "swiss"]
[EventCountry "POL"]
[Tiebreak "Cut1 Buchholz"]
[SourceTitle "playchess.com"]
[Source "ChessBase"]
[SourceQuality "1"]
[TimeControl "180+2"]

1. e4 c5 2. Nc3 d6 3. g3 g6 4. Bg2 Bg7 5. Nge2 Nc6 6. d3 Nf6 7. h3 Rb8 8. Be3 O-O 9. d4 cxd4 10. Nxd4 Ne5 11. Qe2 a6 12. f4 Nc6 13. Nb3 Bd7 14. O-O b5 15.
a4 b4 16. Nd5 a5 17. f5 Nxd5 18. exd5 Ne5 19. Nd4 Rc8 20. b3 Rc3 21. Kh2 Qc8 22. g4 Kh8 23. Rad1 gxf5 24. gxf5 Bf6 25. Be4 Rg8 26. Rg1 Rxg1 27. Rxg1 Qf8 28. Bd2 Rc8 29. Qh5 Re8 30. Bh6 Qg8 31. Rxg8+ Rxg8 32. Nf3 Nxf3+ 33. Qxf3 Be5+ 34. Bf4 Bf6 35.
Qd3 Bc8 36. Qb5 h5 37. Qxa5 h4 38. Qc7 Ba6 39. Bd3 Bc8 40. a5 Bd4 41. Qxe7 Bg1+ 42. Kh1 Bd4 43. Qxh4+ Kg7 44. Qh6# 1-0